[Event "Elite Hotels Open 2023"]
[Site "Elite Stadshotellet, Kungsgatan 6, Vaxjo, Sweden"]
[Date "2023.02.10"]
[Round "4.14"]
[White "Burwick, Malte"]
[Black "Ravik, Andreas"]
[Result "1-0"]
[TimeControl "15 minutes + 5 seconds per move from move one (Round 1 - 4) / 90 minutes + 30 seconds per move from move one (Round 5 - 8)"]
[WhiteFideId "1702475"]
[BlackFideId "1722522"]
[WhiteElo "2219"]
[BlackElo "1946"]

1. Nf3 Nf6 2. g3 g6 3. b4 Bg7 4. Bb2 d5 5. Bg2 b6 6. c4 Bb7 7. cxd5 Bxd5 8. O-O O-O 9. Re1 Nbd7 10.
Nc3 Bb7 11. Rb1 c5 12. bxc5 Nxc5 13. d3 Rc8 14. Nb5 a6 15. Na3 b5 16. Qd2 Na4 17. Be5 Qd7 18. Ba1 Rfd8 19. Qf4 Nd5 20.
Qh4 Bxa1 21. Rxa1 Qd6 22. Ng5 h5 23. e4 Qxa3 24. exd5 Bxd5 25. Bxd5 Rxd5 26. d4 Qd6 27. Ne4 Qd7 28.
Qf4 Rxd4 29. Qh6 Qd8 30. Ng5 1-0

[Event "Elite Hotels Open 2023"]
[Site "Elite Stadshotellet, Kungsgatan 6, Vaxjo, Sweden"]
[Date "2023.02.10"]
[Round "4.15"]
[White "Morell, Ludvig"]
[Black "Rasti, Arvin"]
[Result "0-1"]
[TimeControl "15 minutes + 5 seconds per move from move one (Round 1 - 4) / 90 minutes + 30 seconds per move from move one (Round 5 - 8)"]
[WhiteFideId "1736779"]
[BlackFideId "1741160"]
[WhiteElo "1882"]
[BlackElo "2211"]

1. e4 c6 2. Nc3 d5 3. Nf3 dxe4 4.
Nxe4 Nf6 5. Nxf6+ exf6 6. Bc4 Bd6 7. Qe2+ Qe7 8. Qxe7+ Bxe7 9. d4 Bd6 10. O-O O-O 11. c3 Bg4 12.
h3 Bf5 13. Re1 Nd7 14. g4 Bg6 15. Nh4 Rfe8 16. Bd2 b5 17. Bb3 Bd3 18. Rxe8+ Rxe8 19. Re1 Rxe1+ 20. Bxe1 Nb6 21. Bd2 g6 22. f4 a5 23. a3 a4 24. Ba2 Bc4 25. Bxc4 Nxc4 26. Bc1 Kf8 27.
Kf2 Bxf4 28. Nxg6+ fxg6 29. Bxf4 Nxb2 30. Bd6+ Kf7 31. Ke2 Ke6 32. Bb4 Kd5 33. Be7 Ke6 34. Bb4 Nc4 35. Kf3 Nb6 36. Ke4 Nd5 37. Ba5 Ne7 38. Kd3 f5 39. c4 Kd7 40. cxb5 cxb5 41. Bd2 Ke6 42. Bg5 Nc6 43.
Bd2 Kd5 44. Bc3 fxg4 45. hxg4 h5 46. gxh5 gxh5 47. Ke3 h4 0-1

[Event "Elite Hotels Open 2023"]
[Site "Elite Stadshotellet, Kungsgatan 6, Vaxjo, Sweden"]
[Date "2023.02.10"]
[Round "4.16"]
[White "Ask, Josef"]
[Black "Johansson, Roland"]
[Result "1/2-1/2"]
[TimeControl "15 minutes + 5 seconds per move from move one (Round 1 - 4) / 90 minutes + 30 seconds per move from move one (Round 5 - 8)"]
[WhiteTitle "FM"]
[WhiteFideId "1704583"]
[BlackFideId "1716123"]
[WhiteElo "2169"]
[BlackElo "1946"]

1. b3 f5 2. Bb2 Nf6 3. c4 g6 4. h3 Bg7 5. Nf3 d6 6. d4 O-O 7. Nbd2 Qe8 8. Qc2 Nc6 9. d5 Nd8 10. g3 e5 11. dxe6
Nxe6 12. Bg2 Bd7 13. e3 f4 14. O-O fxe3 15. fxe3 Bc6 16. Rae1 Nc5 17. b4 Nce4 18. Nxe4 Bxe4 19.
Qb3 Kh8 20. Kh2 h6 21. a4 g5 22. Bd4 Qh5 23. Qb2 Rf7 24. Kg1 Raf8 25. c5 Ne8 26. Bxg7+ Nxg7 27. g4 Qg6 28. Nd4 Bxg2 29.
Qxg2 Rxf1+ 30. Rxf1 Rxf1+ 31. Qxf1 Qe4 32. Qf2 Qb1+ 33.
Kg2 Qxb4 34. Qf6 Qd2+ 35. Kf3 Qd1+ 36. Kg2 Qd2+ 37. Kf3 Qd1+ 38. Kg2 Qd2+ 39. Kf1 Qd1+ 40. Kf2 Qb1 41. Nf5 Kh7 42. Nd4 1/2-1/2

[Event "Elite Hotels Open 2023"]
[Site "Elite Stadshotellet, Kungsgatan 6, Vaxjo, Sweden"]
[Date "2023.02.10"]
[Round "4.17"]
[White "Lindholm, Gustav"]
[Black "Magelius, Olof"]
[Result "1-0"]
[TimeControl "15 minutes + 5 seconds per move from move one (Round 1 - 4) / 90 minutes + 30 seconds per move from move one (Round 5 - 8)"]
[WhiteFideId "1736515"]
[BlackFideId "1720031"]
[WhiteElo "2128"]
[BlackElo "1906"]

1. d4 Nf6 2. c4 c5 3. d5 b5 4. cxb5 a6 5. bxa6 Bxa6 6. Nc3 d6 7. e4 Bxf1 8. Kxf1 g6 9. g3 Bg7 10.
Kg2 O-O 11. Nf3 Nbd7 12. Qe2 Ng4 13. Bd2 Nge5 14. Nxe5 Nxe5 15. b3 e6 16. a4 c4 17. f4 Nd7 18. bxc4 Nc5 19. Ra2 f5 20.
dxe6 Bxc3 21. Bxc3 Nxe4 22. Ba1 Re8 23. Qb2 Nc5 1-0

[Event "Elite Hotels Open 2023"]
[Site "Elite Stadshotellet, Kungsgatan 6, Vaxjo, Sweden"]
[Date "2023.02.10"]
[Round "4.18"]
[White "Alsaied Ali, Firas"]
[Black "Fransson, Patrick"]
[Result "0-1"]
[TimeControl "15 minutes + 5 seconds per move from move one (Round 1 - 4) / 90 minutes + 30 seconds per move from move one (Round 5 - 8)"]
[WhiteFideId "1730924"]
[BlackFideId "1709305"]
[WhiteElo "1872"]
[BlackElo "2126"]

1. c4 c6 2. g3 g6 3. Bg2 Bg7 4. Nf3 d6 5. O-O e5 6. Nc3 f5 7. d3 Nf6 8. Qc2 O-O 9. Bg5 Be6 10.
Rac1 h6 11. Bxf6 Qxf6 12. Qb3 Rf7 13. Nd2 Na6 14. Qa3 Bd7 15. b4 Nc7 16. b5 Bf8 17. Qb3 Ne6 18. bxc6 bxc6 19. Qb7 Qd8 20.
Rb1 Nc5 21. Qb2 Rc8 22. Nb3 Ne6 23. Qa3 Qc7 24. Rfc1 Nd4 25. e3 Ne6 26. Qa6 f4 27. Be4 g5 28. Na5 Nc5 29. Rb7 Nxa6 30.
Rxc7 Rxc7 31. Rb1 Nc5 32. Nb3 Nxe4 33.
Nxe4 Bf5 34. Nbd2 Rb7 35. Nb3 Bxe4 36. dxe4 fxe3 37. fxe3 a5 38. Rc1 a4 39. Nd2 Rb2 0-1

[Event "Elite Hotels Open 2023"]
[Site "Elite Stadshotellet, Kungsgatan 6, Vaxjo, Sweden"]
[Date "2023.02.11"]
[Round "5.1"]
[White "Kucuksari, Kaan"]
[Black "Galperin, Platon"]
[Result "0-1"]
[TimeControl "15 minutes + 5 seconds per move from move one (Round 1 - 4) / 90 minutes + 30 seconds per move from move one (Round 5 - 8)"]
[WhiteTitle "IM"]
[BlackTitle "GM"]
[WhiteFideId "6380166"]
[BlackFideId "14165414"]
[WhiteElo "2507"]
[BlackElo "2538"]

1. d4 Nf6 2. c4 g6 3. g3 Bg7 4.
Bg2 O-O 5. Nc3 d6 6. Nf3 Re8 7. O-O Bd7 8. e4 e5 9. h3 exd4 10. Nxd4 Nc6 11. Be3 Nxd4 12. Bxd4 c5 13. Be3 Qc8 14.
Kh2 Bc6 15. Qc2 a6 16. Rad1 Qe6 17. Nd5 Bxd5 18. cxd5 Qe7 19. Rfe1 Rac8 20. f3 b5 21. h4 Nh5 22. Bh3 Rc7 23.
Bg5 Qf8 24. Bd2 Rce7 25. f4 f5 26. Bg2 fxe4 27. Bxe4 Bxb2 28. Bf3 Bd4 29. Kg2 Ng7 30. Re4 Rxe4 31. Bxe4 Re7 32. g4 h5 33.
Bxg6 hxg4 34. h5 Qa8 35. Bh7+ Kf8 36. Be4 Nxh5 37. Rh1 Qe8 38. Qd3 Rxe4 39. Rxh5 Qxh5 0-1

[Event "Elite Hotels Open 2023"]
[Site "Elite Stadshotellet, Kungsgatan 6, Vaxjo, Sweden"]
[Date "2023.02.11"]
[Round "5.2"]
[White "Sivuk, Vitaly"]
[Black "Abdrlauf, Elham"]
[Result "1/2-1/2"]
[TimeControl "15 minutes + 5 seconds per move from move one (Round 1 - 4) / 90 minutes + 30 seconds per move from move one (Round 5 - 8)"]
[WhiteTitle "GM"]
[BlackTitle "IM"]
[WhiteFideId "14116502"]
[BlackFideId "1533533"]
[WhiteElo "2530"]
[BlackElo "2527"]

1. d4 Nf6 2. c4 e6 3. Nf3 d5 4. Bg5 Be7 5. Nc3 O-O 6. e3 c6 7. Bd3 dxc4 8. Bxc4 b5 9. Bd3 Nbd7 10.
O-O Bb7 11. Rc1 Rc8 12. a3 a5 13. Ne5 Nxe5 14. dxe5 Nd7 15. Bxe7 Qxe7 16. f4 Nc5 17. Bb1 b4 18. axb4 axb4 19.
Ne2 Ba6 20. Rf2 Bxe2 21. Qxe2 Rfd8 22. Qc4 Nd7 23. Be4 g6 24. Rfc2 c5 25. Qa6 Nf8 26. b3 Rc7 27. Qb6 Rcc8 28.
h3 Qh4 29. Qb5 g5 30. Rf2 Ng6 31. Qb7 Rf8 32. Bc6 gxf4 33. exf4 Rcd8 34. Rcf1 Rd4 35. f5 exf5 36. Rxf5 Qe7 37.
Qxe7 Nxe7 38. Rg5+ Ng6 39. Bb5 Re4 40. Rff5 Rd8 41. Bc4 Rd7 42. e6 fxe6 43. Rxc5 Kg7 44. Rc6 Kf6 45. Rg3 Ke7 46. Rb6 Rd2 47. Rxb4 Kf6 48.
Rb7 h5 49. Rf3+ Rf4 50. Re3 Rd1+ 51. Kh2 Ne5 52. Rb6 Nxc4 53. bxc4 Rxc4 54. Rbxe6+ Kf7 55. Re7+ Kf6 56.
R3e6+ Kf5 57. Re5+ Kf6 58. R7e6+ Kf7 59. Rh6 h4 60. Rg5 Rdd4 61. Ra6 Re4 62.
Rgg6 Rf4 63. Rh6 Kg7 64. Rag6+ Kf7 65. Rg5 Rcd4 66. Rh7+ Kf6 67. Rg8 Ra4 68. Rhg7 Ke6 69. Re8+ Kf6 70.
Rgg8 Rae4 71. Ref8+ Ke7 72. Ra8 Ra4 73. Rab8 Rab4 74. Rge8+ Kf7 75. Rf8+ Kg7 76. Rg8+ Kf7 77. Rbf8+ Ke7 78.
Rc8 Kf7 79. Rg5 Rbc4 80. Rh8 Kf6 81. Ra5 Kg7 82. Rha8 Rce4 83. Ra1 Rd4 84. Kg1 Rde4 85. R8a5 Kg6 86. Ra6+ Rf6 87. Ra8 Kg7 88.
Rb1 Rff4 89. Rab8 Rd4 90. R8b6 Rde4 91. Ra1 Ra4 92. Re1 Kf7 93. Rc1 Rac4 94. Rcb1 Kg7 95. Re1 Kf7 96. Rbe6 Kg7 97.
Re8 Ra4 98. R1e7+ Kg6 99. Rg8+ Kf6 100. Ree8 Ra1+ 101. Kh2 Raa4 102. Re1 Kf7 103. Rg5 Rae4 104. Rg1 Kf6 105. Rg8 Kf7 106.
Rh8 Kg7 107. Ra8 Kf7 108. Rga1 Kg7 109. Kg1 1/2-1/2

[Event "Elite Hotels Open 2023"]
[Site "Elite Stadshotellet, Kungsgatan 6, Vaxjo, Sweden"]
[Date "2023.02.11"]
[Round "5.3"]
[White "Hillarp, Tiger"]
[Black "Wagner, Stephan"]
[Result "0-1"]
[TimeControl "15 minutes + 5 seconds per move from move one (Round 1 - 4) / 90 minutes + 30 seconds per move from move one (Round 5 - 8)"]
[WhiteTitle "GM"]
[WhiteFideId "1700812"]
[BlackFideId "1613251"]
[WhiteElo "2511"]
[BlackElo "2264"]

1. d4 Nf6 2. c4 e6 3. Nc3 Bb4 4. e3 b6 5. Nge2 Bb7 6. a3 Be7 7. d5 e5 8. Ng3 h5 9. e4 g6 10.
Bd3 a5 11. f3 Na6 12. Rb1 Nc5 13. Bc2 d6 14. b4 axb4 15. axb4 Ncd7 16. Be3 Nh7 17. Qd2 Bg5 18. Bxg5 Nxg5 19.
h4 Nh7 20. Nf1 O-O 21. Ne3 Bc8 22. Qf2 Ndf6 23. Kd2 Bd7 24. Ra1 Qc8 25. Bd3 Rxa1 26. Rxa1 Qb7 27. Qe1 Ra8 28. Qb1 Ne8 29.
Ra2 Qc8 30. Qa1 Rxa2+ 31. Qxa2 Qd8 32. g3 g5 33. hxg5 Nxg5 34. Be2 Qf6 35. Qa8 Kf8 36. c5 bxc5 37. bxc5 Nxf3+ 38. Bxf3 Qxf3 39.
Qd8 Bg4 40. cxd6 cxd6 41. Kd3 Bh3 42. Qb6 Qxg3 43. Kc2 Qf2+ 44. Kb3 Bd7 45. Qa7 Bg4 46. Nb5 Qf3 47. Qb6 Qxe4 48. Nxd6 Qb1+ 0-1

[Event "Elite Hotels Open 2023"]
[Site "Elite Stadshotellet, Kungsgatan 6, Vaxjo, Sweden"]
[Date "2023.02.11"]
[Round "5.4"]
[White "Johansson, Ulf"]
[Black "Blomqvist, Erik"]
[Result "0-1"]
[TimeControl "15 minutes + 5 seconds per move from move one (Round 1 - 4) / 90 minutes + 30 seconds per move from move one (Round 5 - 8)"]
[BlackTitle "GM"]
[WhiteFideId "1701380"]
[BlackFideId "1709437"]
[WhiteElo "2205"]
[BlackElo "2510"]

1. Nf3 d5 2. g3 Nc6 3. d4 Bf5 4. Bg2 Nb4 5. Na3 e6 6. O-O Be7 7. Ne5 f6 8. Nd3 Qd7 9. Nxb4 Bxb4 10.
c4 c6 11. Nc2 Ba5 12. Ne3 Bg6 13. Bd2 Bc7 14. Qb3 Bb6 15. Bc3 Ne7 16. a4 Rb8 17. Rfd1 h5 18. Bb4 h4 19. Qa3 Bc7 20.
Rac1 hxg3 21. hxg3 Nf5 22. Nf1 a5 23. Bc3 Nd6 24. Nd2 Bf5 25. b4 g5 26. Bb2 Qh7 27. Qf3 Ne4 28. Nf1 axb4 29.
cxd5 exd5 30. e3 Ra8 31. Ra1 Kf7 32. Qe2 Rag8 33. g4 Be6 0-1

[Event "Elite Hotels Open 2023"]
[Site "Elite Stadshotellet, Kungsgatan 6, Vaxjo, Sweden"]
[Date "2023.02.11"]
[Round "5.5"]
[White "Lindborg, Patrik"]
[Black "Trost, Edvin"]
[Result "0-1"]
[TimeControl "15 minutes + 5 seconds per move from move one (Round 1 - 4) / 90 minutes + 30 seconds per move from move one (Round 5 - 8)"]
[BlackTitle "FM"]
[WhiteFideId "1707507"]
[BlackFideId "1729519"]
[WhiteElo "2184"]
[BlackElo "2364"]

1. d4 Nf6 2. c4 e6 3. Nf3 d5 4. g3 Bb4+ 5. Bd2 a5 6. Qc2 O-O 7. Bg2 c5 8. cxd5 cxd4 9. Nxd4 Qb6 10.
e3 exd5 11. O-O Nc6 12. Nxc6 bxc6 13. Rc1 Rb8 14. Nc3 h5 15. Na4 Qd8 16. a3 Bxd2 17. Qxd2 Ba6 18. Nc5 Bc4 19. b3 Bxb3 20. Nxb3 Rxb3 21. Rxc6 h4 22. Qd4 Qd7 23. Rxf6 gxf6 24. Bxd5 Rb5 25. Rd1 Qf5 26. Bc4 hxg3 27.
hxg3 Re5 28. Bd5 Kg7 29. g4 Qg6 30. Bf3 Rh8 31. Kf1 Rb5 32. Qd3 Qg5 33. Qd7 Rb2 34. Bd5 Rf8 35. Rd4 Qg6 36.
Be4 Qh6 37. Rd1 Qh3+ 38. Ke1 Qh2 39. Rd2 Qg1+ 40. Ke2 Rxd2+ 41. Qxd2 Qxg4+ 42. f3 Qg2+ 43. Ke1 Qg1+ 44. Ke2 Rb8 45.
f4 Rb2 46. Bc2 Ra2 47. a4 Qg2+ 48. Ke1 Rxc2 0-1

[Event "Elite Hotels Open 2023"]
[Site "Elite Stadshotellet, Kungsgatan 6, Vaxjo, Sweden"]
[Date "2023.02.11"]
[Round "5.6"]
[White "Falkevall, Axel"]
[Black "Kristensen, Kaare Hove"]
[Result "1/2-1/2"]
[TimeControl "15 minutes + 5 seconds per move from move one (Round 1 - 4) / 90 minutes + 30 seconds per move from move one (Round 5 - 8)"]
[WhiteTitle "FM"]
[BlackTitle "IM"]
[WhiteFideId "1735560"]
[BlackFideId "1400940"]
[WhiteElo "2299"]
[BlackElo "2210"]

1. e4 c5 2. c3 d5 3. exd5 Nf6 4. Qa4+ Bd7 5. Qb3 Qb6 6. Bc4 Na6 7. Nf3 Nc7 8. Ne5 Qxb3 9. axb3 Nfxd5 10. Nxd7 Kxd7 11. O-O e6 12. Rd1 Bd6 13. Na3 a6 14. Bf1 b5 15. Nc2 Ke7 16. c4 Nf6 17. d4 Rhd8 18. h3 cxd4 19.
Nxd4 Ke8 20. Be3 bxc4 21. Nc6 cxb3 22. Nxd8 Rxd8 23. Rd3 Nfd5 24. Rxb3 Nxe3 25. Rxe3 Rb8 26. b3 Ke7 27. Bc4 Bb4 28.
Rd3 Rb6 29. Rad1 Bd6 30. Re1 a5 31. g3 Ne8 32. Red1 Nf6 33. Ra1 Bb4 34. Rad1 Bd6 35. Ra1 Bb4 36. Rad1 1/2-1/2

[Event "Elite Hotels Open 2023"]
[Site "Elite Stadshotellet, Kungsgatan 6, Vaxjo, Sweden"]
[Date "2023.02.11"]
[Round "5.7"]
[White "Fransson, Patrick"]
[Black "Hector, Jonny"]
[Result "0-1"]
[TimeControl "15 minutes + 5 seconds per move from move one (Round 1 - 4) / 90 minutes + 30 seconds per move from move one (Round 5 - 8)"]
[BlackTitle "GM"]
[WhiteFideId "1709305"]
[BlackFideId "1700090"]
[WhiteElo "2126"]
[BlackElo "2466"]

1. d4 d5 2. Bf4 c5 3. e3 Nc6 4. c3 Nf6 5. Bd3 g6 6. Nd2 Bg7 7. h3 O-O 8. Ngf3 Nd7 9. O-O e5 10.
dxe5 Ndxe5 11. Nxe5 Nxe5 12. Bxe5 Bxe5 13. Nf3 Bg7 14. e4 Be6 15. Re1 Rb8 16. e5 h6 17. Qc2 Qc7 18. Rad1 Rfe8 19.
Qe2 Re7 20. Nh2 g5 21. Bb1 Kf8 22. g3 Bxh3 23. f4 Bd7 24. Rxd5 Bc6 25. Rd2 Rd8 26. Rxd8+ Qxd8 27. Be4 Bxe5 28.
fxe5 Rxe5 29. Qh5 Rxe4 30. Rf1 Qd5 31. Qxh6+ Kg8 32. Nf3 Re3 33. c4 Qd8 34. Ne1 Rxe1 35. Rxe1 Qd2 36. Re2 Qxe2 37.
Qxg5+ Kf8 38. Qd8+ Qe8 39. Qd6+ Kg8 40. Kf2 Qe4 41. Qd8+ Kh7 42. Qg5 Qf3+ 43. Ke1 b6 44. b3 Be4 45.
g4 Bg6 0-1

[Event "Elite Hotels Open 2023"]
[Site "Elite Stadshotellet, Kungsgatan 6, Vaxjo, Sweden"]
[Date "2023.02.11"]
[Round "5.8"]
[White "Jepson, Christian"]
[Black "Lindholm, Gustav"]
[Result "1-0"]
[TimeControl "15 minutes + 5 seconds per move from move one (Round 1 - 4) / 90 minutes + 30 seconds per move from move one (Round 5 - 8)"]
[WhiteTitle "IM"]
[WhiteFideId "1701185"]
[BlackFideId "1736515"]
[WhiteElo "2395"]
[BlackElo "2128"]

1. d4 d5 2. c4 c6 3. Nf3 Nf6 4. Nc3 dxc4 5. a4 Bf5 6. e3 e6 7. Bxc4 Nbd7 8. O-O Bb4 9. Qe2 Bg6 10.
e4 O-O 11. Bd3 Bh5 12. e5 Nd5 13. Nxd5 cxd5 14. Qe3 Be7 15. Ng5 Bxg5 16. Qxg5 Bg6 17. Be2 Nb8 18. Qe3 Nc6 19. Bd2 a5 20.
Bc3 Qe7 21. Bb5 Rfc8 22. Qd2 Na7 23. Be2 Rc6 24. Qf4 Qd8 25. h4 h6 26. Rfc1 Rac8 27. h5 Be4 28. Re1 b6 29. Bf1 Qg5 30.
Qxg5 hxg5 31. Rac1 Rb8 32. f3 Bh7 33. Bd2 Bc2 34. Ra1 f6 35. b4 axb4 36. Bxb4 Kf7 37. Bd6 Rh8 38. a5 bxa5 39.
Rxa5 Nc8 40. Bb5 Rc3 41. Bc5 Rxh5 42. Ra8 Rh8 43. Bd7 Nb6 44. Bxe6+ Kxe6 45. Rxh8 Nc4 46. Re8+ Kf5 47. e6 Kf4 48.
e7 Bg6 49. Rc8 Kg3 50. Bd6+ Kh4 51. Rh8+ Bh5 52. e8=Q 1-0

[Event "Elite Hotels Open 2023"]
[Site "Elite Stadshotellet, Kungsgatan 6, Vaxjo, Sweden"]
[Date "2023.02.11"]
[Round "5.9"]
[White "Golubka, Petro"]
[Black "Bouaziz, Nejib"]
[Result "1-0"]
[TimeControl "15 minutes + 5 seconds per move from move one (Round 1 - 4) / 90 minutes + 30 seconds per move from move one (Round 5 - 8)"]
[WhiteTitle "GM"]
[WhiteFideId "14114224"]
[BlackFideId "1704915"]
[WhiteElo "2363"]
[BlackElo "2046"]

1. e4 d6 2. d4 Nf6 3. f3 g6 4. Be3 Bg7 5. Qd2 e5 6. d5 c5 7. a4 Na6 8. Na3 Nc7 9. Ne2 Rb8 10.
Nc3 b6 11. Rb1 O-O 12. Be2 Bd7 13. Nab5 Nxb5 14. axb5 Ra8 15. O-O Ne8 16. b4 f5 17. bxc5 bxc5 18. Ra1 f4 19. Bf2 Nc7 20.
Ra5 Rb8 21. Rfa1 g5 22. g4 Rb7 23. Rxa7 Rxa7 24. Rxa7 Qb8 25. Ra5 Qb7 26. Qc1 Ra8 27. Qa3 Bf6 28. b6 Rxa5 29. Qxa5 Na8 30.
Qa7 Bc8 31. Nb5 Be7 32. Bxc5 dxc5 33. d6 Qxa7 34. bxa7 Bd8 35. Bc4+ Kf8 36. Bd5 Nb6 37. d7 Bxd7 38. Nd6 Na8 39.
Nc4 Bb6 40. Nxe5 Be8 41. Bxa8 Bxa7 42. Bd5 Bb8 43. Nd3 Ba4 44. Bb3 1-0

[Event "Elite Hotels Open 2023"]
[Site "Elite Stadshotellet, Kungsgatan 6, Vaxjo, Sweden"]
[Date "2023.02.11"]
[Round "5.10"]
[White "Poley, Vladimir"]
[Black "Eriksson, Christian Altenburg"]
[Result "1-0"]
[TimeControl "15 minutes + 5 seconds per move from move one (Round 1 - 4) / 90 minutes + 30 seconds per move from move one (Round 5 - 8)"]
[WhiteTitle "IM"]
[WhiteFideId "13500090"]
[BlackFideId "1412159"]
[WhiteElo "2325"]
[BlackElo "2104"]

1. Nf3 c5 2. g3 g6 3. Bg2 Bg7 4. O-O Nc6 5. e3 d5 6. d4 cxd4 7. exd4 Nf6 8. c3 O-O 9. Re1 e6 10.
Na3 b6 11. Bf4 Bb7 12. h4 Rc8 13. Bh3 Re8 14. Nb5 Ne4 15. Rxe4 dxe4 16. Nd6 exf3 17. Nxb7 Qd5 18. Nd6 f5 19.
Bf1 Na5 20. Ba6 Rcd8 21. Nxe8 Rxe8 22. Qa4 Kf7 23. Re1 Re7 24. b4 Nb7 25. Bb5 Nd8 26. Be3 Bf6 27. Bh6 Nb7 28. Bc6 Qc4 29.
Re3 Nd6 30. Bxf3 f4 31. Bxf4 Nf5 32. Be2 Qd5 33. Rd3 Qe4 34. Be3 g5 35. hxg5 Bxg5 36. Bxg5 Qxe2 37. Qd1 Qxd1+ 38. Rxd1 Rc7 39.
Rd3 Rc4 40. Bd2 a5 41. a3 Nd6 42. Bc1 a4 43. Kf1 Nb5 44. Bb2 Nc7 45. Ke2 Nd5 46. Rf3+ Ke7 47. g4 b5 48. Kd2 Rc8 49.
Rh3 Rh8 50. Bc1 Kf7 51. Kd3 Nf6 52. f3 Nd5 53. Bd2 Kg7 54. Rh6 Kf7 55. g5 Ne7 56. Rf6+ 1-0

[Event "Elite Hotels Open 2023"]
[Site "Elite Stadshotellet, Kungsgatan 6, Vaxjo, Sweden"]
[Date "2023.02.11"]
[Round "5.11"]
[White "Strom-Engdahl, Alexander"]
[Black "Bellon Lopez, Juan Manuel"]
[Result "1/2-1/2"]
[TimeControl "15 minutes + 5 seconds per move from move one (Round 1 - 4) / 90 minutes + 30 seconds per move from move one (Round 5 - 8)"]
[BlackTitle "GM"]
[WhiteFideId "1741586"]
[BlackFideId "2200031"]
[WhiteElo "2097"]
[BlackElo "2303"]

1. c4 c5 2. Nc3 g6 3. e3 Bg7 4. g3 Nc6 5. Bg2 e5 6. Nge2 Nge7 7. O-O O-O 8. a3 d6 9. Nd5 Rb8 10.
Nec3 f5 11. d3 a6 12. b4 b5 13. Rb1 bxc4 14. dxc4 e4 15. Nxe7+ Nxe7 16. Nd5 Be6 17. Qc2 cxb4 18. axb4 Nxd5 19.
cxd5 Bd7 20. Bb2 Bb5 21. Bxg7 Kxg7 22. Rfc1 Bd3 23. Qc3+ Kg8 24. Ra1 Qd7 25. Bf1 Rfc8 26. Qd4 Qg7 27.
Qxg7+ Kxg7 28. Rd1 Bxf1 29. Rxf1 Rb6 30. Ra5 Kf6 31. Rfa1 Ke5 32. Rxa6 Rxa6 33. Rxa6 Rc7 34. Ra5 Rb7 35.
h4 h6 36. Ra8 Rxb4 37. Rh8 g5 38. h5 f4 39. gxf4+ gxf4 40. exf4+ Kxd5 41. Rxh6 Rb8 42. Rg6 Rf8 43. Rg5+ Ke6 44.
h6 Rxf4 45. Rh5 Rf8 46. h7 Rh8 47. Rh6+ Kf5 48. Rxd6 Rxh7 49. Kf1 Ra7 50. Ke2 Kf4 51. Rf6+ Ke5 52. Rf8 Ra2+ 53. Ke3 Ra3+ 54.
Ke2 Ra6 55. Re8+ Re6 56. Rxe6+ Kxe6 57. f3 exf3+ 58. Kxf3 1/2-1/2

[Event "Elite Hotels Open 2023"]
[Site "Elite Stadshotellet, Kungsgatan 6, Vaxjo, Sweden"]
[Date "2023.02.11"]
[Round "5.12"]
[White "Neretljak, Nedzad"]
[Black "Ernst, Thomas"]
[Result "1/2-1/2"]
[TimeControl "15 minutes + 5 seconds per move from move one (Round 1 - 4) / 90 minutes + 30 seconds per move from move one (Round 5 - 8)"]
[WhiteTitle "CM"]
[BlackTitle "GM"]
[WhiteFideId "1713132"]
[BlackFideId "1700065"]
[WhiteElo "2051"]
[BlackElo "2286"]

1. e4 c5 2. b4 cxb4 3. d4 d5 4. exd5 Qxd5 5. c4 bxc3 6. Nxc3 Qd8 7. Nf3 Nf6 8. Rb1 e6 9. Bb5+ Bd7 10.
d5 exd5 11. Nxd5 Be7 12. O-O Bxb5 13. Rxb5 Nxd5 14. Rxd5 Qc7 15. Qa4+ Nc6 16. Qg4 O-O 17. Bb2 f6 18. Rd7 Qb6 19.
Ba3 Rf7 20. Qe6 Rd8 21. Rfd1 Rxd7 22. Rxd7 Qb1+ 23. Ne1 Kf8 24. Rc7 g6 25. g4 h5 26. h3 hxg4 27. hxg4 g5 28. Kg2 Qg6 29.
Bxe7+ Rxe7 30. Rc8+ Re8 31. Rxe8+ Qxe8 32. Qxf6+ Qf7 33. Qxg5 Qxa2 34. Qc5+ Ke8 35. Qd6 Qc4 36. Kg3 a5 37.
Nd3 Qd4 38. Qg6+ Kd7 39. Nf4 a4 40. Qf7+ Kc8 41. g5 Qc3+ 42. f3 Qxf3+ 43. Kxf3 Ne5+ 44. Ke3 Nxf7 45. g6 Nh6 46. Kd4 Kd7 47.
Kc4 Ke7 48. Kb4 b5 49. Nd5+ Kf8 50. Nc3 Kg7 51. Nxb5 Kxg6 52. Kxa4 1/2-1/2

[Event "Elite Hotels Open 2023"]
[Site "Elite Stadshotellet, Kungsgatan 6, Vaxjo, Sweden"]
[Date "2023.02.11"]
[Round "5.13"]
[White "Krantz, Christopher"]
[Black "Johansson, William"]
[Result "1-0"]
[TimeControl "15 minutes + 5 seconds per move from move one (Round 1 - 4) / 90 minutes + 30 seconds per move from move one (Round 5 - 8)"]
[WhiteFideId "1707876"]
[BlackFideId "1744070"]
[WhiteElo "2262"]
[BlackElo "1981"]

1. d4 d6 2. Nf3 Nd7 3. e4 e5 4. Bc4 Be7 5. dxe5 Nxe5 6. Nxe5 dxe5 7. Qh5 g6 8. Qxe5 Nf6 9. Bh6 Rg8 10.
f3 Qd6 11. Qxd6 Bxd6 12. Bg5 Nd7 13. Nc3 Ne5 14. Bb3 h6 15. Bxh6 g5 16. Nb5 Rg6 17. Nxd6+ cxd6 18. f4 Rxh6 19.
fxe5 dxe5 20. O-O Be6 21. Rad1 Ke7 22. g3 Rf6 23. Rxf6 Kxf6 24. Kg2 Rc8 25. c3 Bxb3 26. axb3 Ke6 27.
h4 g4 28. Kf2 Rh8 29. Ke3 f6 30. b4 a6 31. c4 Rc8 32. c5 Rc6 33. h5 Rc7 34. Rd6+ Kf7 35. Kd3 Kg7 36. Kc4 Rf7 37.
Kd5 f5 38. Kxe5 f4 39. gxf4 Re7+ 40. Kf5 1-0

[Event "Elite Hotels Open 2023"]
[Site "Elite Stadshotellet, Kungsgatan 6, Vaxjo, Sweden"]
[Date "2023.02.11"]
[Round "5.14"]
[White "Johansson, Gunnar"]
[Black "Slettebo, Jan"]
[Result "1-0"]
[TimeControl "15 minutes + 5 seconds per move from move one (Round 1 - 4) / 90 minutes + 30 seconds per move from move one (Round 5 - 8)"]
[WhiteFideId "1703501"]
[BlackFideId "1704958"]
[WhiteElo "2260"]
[BlackElo "1971"]

1. d4 d5 2. c4 e6 3. Nf3 a6 4. Nbd2 Nf6 5. g3 c5 6. Bg2 Nc6 7. cxd5 exd5 8. O-O c4 9. Qc2 Be7 10.
b3 Be6 11. bxc4 dxc4 12. Bb2 Rc8 13. a3 b5 14. e4 b4 15. d5 c3 16. dxe6 fxe6 17. Bxc3 1-0

[Event "Elite Hotels Open 2023"]
[Site "Elite Stadshotellet, Kungsgatan 6, Vaxjo, Sweden"]
[Date "2023.02.11"]
[Round "5.15"]
[White "Mattsson, Michael"]
[Black "Burwick, Malte"]
[Result "0-1"]
[TimeControl "15 minutes + 5 seconds per move from move one (Round 1 - 4) / 90 minutes + 30 seconds per move from move one (Round 5 - 8)"]
[WhiteFideId "1708961"]
[BlackFideId "1702475"]
[WhiteElo "2048"]
[BlackElo "2219"]

1. e4 d5 2. exd5 Qxd5 3. Nc3 Qd6 4. d4 Nf6 5. h3 a6 6. g3 Nc6 7. Nge2 e5 8. dxe5 Nxe5 9. Bg2 Qxd1+ 10. Nxd1 Bb4+ 11. Ndc3 O-O 12. Bf4 Re8 13. O-O-O c6 14. Bxe5 Rxe5 15. Rd8+ Re8 16. Rxe8+ Nxe8 17. Rd1 Kf8 18.
Na4 Ba5 19. f4 Ke7 20. Nd4 Kf8 21. Nb3 Bc7 22. Nbc5 Nf6 23. Bf3 Rb8 24. h4 h5 25. Nc3 g6 26. N3e4 Nxe4 27. Bxe4 Ke7 28.
Re1 Kf6 29. Bd3 Bg4 30. Ne4+ Kg7 31. Ng5 Bd6 32. Bc4 f6 33. Ne4 Re8 34. Kd2 Bf8 35. Nf2 Rd8+ 36. Kc1 Bf5 37. Rd1 Re8 38.
Kd2 Bb4+ 39. c3 Bc5 40. Rf1 b5 41. Bd3 Rd8 42. Kc2 Bxf2 43. Bxf5 Bxg3 44. Bxg6 Kxg6 45. Rg1 Kf5 46. Rxg3 Kxf4 47.
Rg6 Rd6 48. c4 Kf5 49. Rh6 Kg4 50. c5 Re6 51. b4 Kxh4 52. Rg6 Kh3 53. Rg7 h4 54. Rd7 Kg4 55. Rg7+ Kf5 56. Rh7 Re2+ 57.
Kd3 Rh2 58. Rc7 h3 59. Rxc6 Rxa2 60. Rc8 Ke6 61. Rh8 a5 62. Rh7 axb4 63. c6 Ra6 64. c7 Rc6 0-1